 Dungeon Crawl Stone Soup version 0.30-a0-629-gd54f4be4f7 (webtiles) character file.

Game seed: 3097500166854387857

554859 hikkokomori the Hoplite (level 27, -24/209 HPs)
             Began as a Formicid Fighter on Jan 12, 2023.
             Was a High Priest of Okawaru.
             Killed from afar by a Killer Klown (49 damage)
             ... with a klown pie
             ... on level 5 of the Realm of Zot on Jan 13, 2023.
             The game lasted 02:53:42 (52157 turns).

hikkokomori the Hoplite (Formicid Fighter)         Turns: 52157, Time: 02:53:43

Health: -24/209    AC: 42    Str: 37    XL:     27
Magic:  1/36       EV: 26    Int: 15    God:    Okawaru [*****.]
Gold:   1876       SH: 21    Dex: 18    Spells: 42/52 levels left

rFire   + + .      SeeInvis +    X - +9 executioner's axe (heavy)
rCold   . . .      Faith    .    b - +2 kite shield {reflect}
rNeg    + + +      Spirit   .    J - +15 Maxwell's patent armour {-Cast -Tele rElec Will+ rCorr}
rPois   +          Reflect  +    (helmet unavailable)
rElec   +          Harm     .    w - scarf {rC+ rF+}
rCorr   +          Rampage  .    z - +2 pair of gloves "Emoafozy" {rPois rN+++ Will+}
Will    +++++      NoCast   +    m - +0 pair of boots "Sazun" {Drain +Blink rElec Regen+}
Stlth   ++                       e - amulet "Reseutt" {Will+ Regen+ Str+3}
HPRegen 0.00/turn                y - ring of Sloth {rF+ EV+5 SInv}
MPRegen 0.25/turn                c - ring of the Healing Fool {rC- Will+++ Str+6 Int+4 Dex+3}

@: mighty, heroic, finesse-ful, marked, attractive, inhibited regen, studying 2
skills, unable to drink
A: permanent stasis, dig shafts and tunnels, antennae 3, four strong arms, claws
1, camouflage 1, dopey 1, frail 1, low MP 1, inhibited regeneration
}: 3/15 runes: decaying, serpentine, slimy
a: Dig, Shaft Self, Renounce Religion, Heroism, Finesse, Duel


You were on level 5 of the Realm of Zot.
You worshipped Okawaru.
Okawaru was extremely pleased with you.
You visited 11 branches of the dungeon, and saw 51 of its levels.
You also visited: Trove, Ossuary and Ice Cave.

You collected 7365 gold pieces.
You spent 5489 gold pieces at shops.

Inventory:

Hand Weapons
 H - the +10 flail of Kismet {distort, rF++ rCorr Int-2 Dex+2}
   (You took it off a deep elf zephyrmancer on level 1 of the Elven Halls)

   Int:       It affects your intelligence (-2).
   Dex:       It affects your dexterity (+2).
   rF:        It greatly protects you from fire.
   rCorr:     It protects you from acid and corrosion.
 O - a +9 heavy battleaxe
 X - a +9 heavy executioner's axe (weapon)
 Y - the +3 Elemental Staff {rElec rF++ rC++ AC+5}
   (You bought it in a shop on level 9 of the Dungeon)

   If the wielder is skilled in Evocations, they can discharge powerful blasts
   of elemental energy when striking with it.
   It enhances your fire, ice, earth and air magic.
   AC:        It affects your AC (+5).
   rF:        It greatly protects you from fire.
   rC:        It greatly protects you from cold.
   rElec:     It insulates you from electricity.
Armour
 b - a +2 kite shield of reflection (worn)
 m - the +0 pair of boots "Sazun" (worn) {Drain +Blink rElec Regen+}
   (You bought it in a shop on level 8 of the Dungeon)

   rElec:     It insulates you from electricity.
   +Blink:    It lets you blink.
   Regen:     It increases your rate of health regeneration.
   Drain:     It drains your maximum health when unequipped.
 t - the +2 faerie dragon scales {Harm rF- rCorr Str+5 Slay+3}
   (You took it off the Enchantress on level 2 of the Depths)

   Str:       It affects your strength (+5).
   Slay:      It affects your accuracy & damage with ranged weapons and melee
   (+3).
   rF:        It makes you vulnerable to fire.
   rCorr:     It protects you from acid and corrosion.
   Harm:      It increases damage dealt and taken.
 w - a scarf of resistance (worn)
 z - the +2 pair of gloves "Emoafozy" (worn) {rPois rN+++ Will+}
   (You found it on level 8 of the Dungeon)

   rPois:     It protects you from poison.
   rN:        It renders you almost immune to negative energy.
   Will:      It increases your willpower.
 J - the +15 Maxwell's patent armour (worn) {-Cast -Tele rElec Will+ rCorr}
   (You found it on level 14 of the Dungeon)

   rElec:     It insulates you from electricity.
   -Cast:     It prevents spellcasting.
   -Tele:     It prevents most forms of teleportation.
   rCorr:     It protects you from acid and corrosion.
   Will:      It increases your willpower.
 T - the +1 cloak of Idealism {rF++ Int+3 Slay-5 Stlth+}
   (You found it on level 5 of the Pits of Slime)

   Int:       It affects your intelligence (+3).
   Slay:      It affects your accuracy & damage with ranged weapons and melee
   (-5).
   rF:        It greatly protects you from fire.
   Stlth:     It makes you more stealthy.
Jewellery
 c - the ring of the Healing Fool (right hand) {rC- Will+++ Str+6 Int+4 Dex+3}
   (You found it on level 5 of the Pits of Slime)

   [ring of strength]

   Str:       It affects your strength (+6).
   Int:       It affects your intelligence (+4).
   Dex:       It affects your dexterity (+3).
   rC:        It makes you vulnerable to cold.
   Will:      It greatly increases your willpower.
 e - the amulet "Reseutt" (around neck) {Will+ Regen+ Str+3}
   (You found it on level 6 of the Dungeon)

   [amulet of regeneration]

   Str:       It affects your strength (+3).
   Regen:     It increases your rate of health regeneration.
   Will:      It increases your willpower.
 k - a +6 ring of dexterity
 q - a ring of wizardry
 y - the ring of Sloth (left hand) {rF+ EV+5 SInv}
   (You found it on level 5 of the Pits of Slime)

   [ring of evasion]

   EV:        It affects your evasion (+5).
   rF:        It protects you from fire.
   SInv:      It lets you see invisible.
 B - a +5 ring of evasion
 D - a +4 ring of protection
 K - a +4 ring of protection
 R - a +6 ring of strength
Wands
 a - a wand of flame (7)
 v - a wand of iceblast (26)
 x - a wand of paralysis (53)
 G - a wand of light (13)
 U - a wand of mindburst (17)
 V - a wand of digging (6)
Scrolls
 g - a scroll of fog
 o - 11 scrolls of poison
 s - 6 scrolls of magic mapping
 C - 7 scrolls of enchant armour
 F - 7 scrolls of immolation
 N - 4 scrolls of fear
 P - 3 scrolls of amnesia
 S - 8 scrolls of vulnerability
 W - 3 scrolls of silence
 Z - 3 scrolls of brand weapon
Potions
 d - 4 potions of might
 f - a potion of magic
 h - 6 potions of invisibility
 i - 4 potions of lignification
 j - 2 potions of resistance
 l - a potion of heal wounds
 n - a potion of berserk rage
 p - 12 potions of mutation
 r - 4 potions of curing
 u - 9 potions of flight
 A - 8 potions of attraction
 E - 6 potions of brilliance
 L - 7 potions of ambrosia
 M - 4 potions of cancellation
Miscellaneous
 I - a condenser vane
 Q - a lightning rod (4/4)


   Skills:
 + Level 22.8(27) Fighting
 + Level 21.7(26.7) Axes
 - Level 2.0(7.0) Staves
 + Level 20.2(25.2) Armour
 + Level 14.7(19.7) Dodging
 - Level 8.7(13.7) Stealth
 + Level 24.1(27) Shields
 - Level 13.3 Spellcasting
 - Level 4.2 Conjurations
 - Level 8.3 Translocations
 - Level 9.5 Transmutations
 - Level 5.4 Ice Magic
 - Level 13.4 Invocations
 - Level 10.7 Evocations


You had 42 spell levels left.
You knew the following spells:

 Your Spells              Type           Power      Damage    Failure   Level
a - Frozen Ramparts       Ice            52%        1d8       5%          3
b - Magic Dart            Conj           88%        1d7       3%          1
c - Wereblood             Tmut           38%        N/A       1%          2
d - Manifold Assault      Tloc           34%        N/A       5%          4

Your spell library contained the following spells:

 Spells                   Type           Power      Damage    Failure   Level
 Freeze                   Ice            100%       1d10      1%          1
 Sting                    Tmut/Pois      96%        1d7       2%          1
 Passwall                 Tmut/Erth      20%        N/A       3%          2
 Ozocubu's Armour         Ice            26%        N/A       5%          3
 Passage of Golubria      Tloc           34%        N/A       5%          4
 Foxfire                  Conj/Fire      64%        2x1d7     7%          1
 Kiss of Death            Conj/Necr      64%        2d10      7%          1
 Hailstorm                Conj/Ice       24%        3d7       7%          3
 Ice Form                 Ice/Tmut       32%        N/A       8%          4
 Ensorcelled Hibernation  Hex/Ice        36%        N/A       9%          2
 Portal Projectile        Hex/Tloc       44%        N/A       9%          3
 Vhi's Electric Charge    Tloc/Air       44%        N/A       9%          3
 Blade Hands              Tmut           19%        N/A       10%         5
 Static Discharge         Conj/Air       32%        2-4/arc   11%         2
 Iskenderun's Mystic Bla  Conj/Tloc      28%        2d7       13%         4
 Ignite Poison            Fire/Tmut/Pois 19%        N/A       14%         3
 Kindle Blastsparks       Fire/Tloc/Air  36%        2d13      16%         3
 Necrotise                Necr           40%        1d6       17%         1
 Slow                     Hex            40%        N/A       17%         1
 Dazzling Flash           Conj/Hex       32%        N/A       22%         3
 Petrify                  Tmut/Erth      24%        N/A       24%         4
 Cigotuvi's Dreadful Rot  Necr/Pois/Air  20%        N/A       26%         2
 Sublimation of Blood     Necr           10%        N/A       26%         2
 Mephitic Cloud           Conj/Pois/Air  14%        N/A       28%         3
 Vampiric Draining        Necr           10%        2d6       45%         3
 Alistair's Intoxication  Tmut/Pois      16%        N/A       54%         5
 Yara's Violent Unravell  Hex/Tmut       12%        3d7       54%         5
 Flame Wave               Conj/Fire      16%        2d7       56%         4
 Sticky Flame             Conj/Fire      16%        2d4       56%         4
 Iskenderun's Battlesphe  Conj           22%        2d8       63%         5
 Dispersal                Tloc           17%        N/A       65%         6
 Freezing Cloud           Conj/Ice/Air   9%         6-21      77%         5
 Metabolic Englaciation   Hex/Ice        9%         N/A       83%         5
 Airstrike                Air            5%         2d(1-17)  86%         4
 Cause Fear               Hex            5%         N/A       86%         4
 Dispel Undead            Necr           10%        3d9       86%         4
 Leda's Liquefaction      Hex/Erth       5%         N/A       86%         4
 Arcjolt                  Conj/Air       8%         1d18      89%         5
 Fireball                 Conj/Fire      8%         3d6       89%         5
 Lightning Bolt           Conj/Air       8%         1d20      89%         5
 Statue Form              Tmut/Erth      16%        N/A       98%         6
 Agony                    Necr           10%        N/A       99%         5
 Silence                  Hex/Air        5%         N/A       99%         5
 Conjure Ball Lightning   Conj/Air       8%         3x3d6     100%        6
 Starburst                Conj/Fire      8%         6d4       100%        6
 Orb of Destruction       Conj           11%        9d6       100%        7
 Ozocubu's Refrigeration  Ice            13%        4d10      100%        7
 Storm Form               Tmut/Air       12%        N/A       100%        7
 Borgnjor's Revivificati  Necr           5%         N/A       100%        8
 Discord                  Hex            5%         N/A       100%        8
 Disjunction              Tloc           17%        N/A       100%        8
 Ignition                 Fire           5%         3d4       100%        8
 Maxwell's Capacitive Co  Air            5%         ∞         100%        8
 Chain Lightning          Conj/Air       8%         3d10      100%        9
 Fire Storm               Conj/Fire      8%         8d2       100%        9
 Shatter                  Erth           5%         3d8*      100%        9
 Call Imp                 Summ           Unusable   N/A       N/A         2
 Swiftness                Air            Unusable   N/A       N/A         3
 Tukima's Dance           Hex            Unusable   N/A       N/A         3
 Summon Ice Beast         Ice/Summ       Unusable   N/A       N/A         4
 Summon Lightning Spire   Summ/Air       Unusable   N/A       N/A         4
 Death Channel            Necr           Unusable   N/A       N/A         6
 Simulacrum               Ice/Necr       Unusable   N/A       N/A         6
 Summon Hydra             Summ           Unusable   N/A       N/A         7
 Dragon's Call            Summ           Unusable   N/A       N/A         9

Dungeon Overview and Level Annotations

Branches:
Dungeon (15/15)            Temple (1/1) D:7            Lair (5/5) D:10
  Swamp (4/4) Lair:3        Snake (4/4) Lair:3        Slime (5/5) Lair:5
    Orc (2/2) D:10            Elf (2/3) Orc:2        Vaults (4/5) D:13
  Crypt (0/3) Vaults:2     Depths (4/4) D:15            Zot (5/5) Depths:4
Ossuary (visited)           IceCv (visited)

Altars:
Ashenzari
Cheibriados
Dithmenos
Elyvilon
Fedhas
Gozag
Hepliaklqana
Kikubaaqudgha
Makhleb
Nemelex Xobeh
Okawaru
Qazlal
Ru
Sif Muna
Trog
Uskayaw
Vehumet
Wu Jian
Xom
Yredelemnul
Zin
The Shining One
Jiyva

Shops:
D:2 [   D:6 [(   D:8 (?=[[   D:9 (   D:14 (   Orc:2 ![*[:   Elf:1 [
Vaults:1 [   Vaults:2 ?   Vaults:3 *   Depths:1 [   Depths:2 :=:   Depths:3 (
Depths:4 [

Portals:
Hell: Depths:1 Depths:2 Depths:3 Depths:4
Abyss: Depths:3
Pandemonium: Depths:2 Depths:3
Ziggurat: Depths:4

Annotations:
Vaults:1 1 transporter, sirJeffrey23's ghost, adept OgMo
Depths:2 exclusion: oklob plant


Innate Abilities, Weirdness & Mutations

You cannot be hasted, slowed, berserked, paralysed or teleported.
You can dig through walls and to a lower floor.
You have a pair of large antennae on your head. (SInv)
Your four strong arms can wield two-handed weapons with a shield.
You have sharp fingernails.
Your skin changes colour to match your surroundings (Stealth+).
You are dopey. (Int -2)
You are frail. (-10% HP)
Your magical capacity is low. (-10% MP)
You do not regenerate when monsters are visible.


Message History

You block the yellow draconian's attack.
The Killer Klown looks even sicker.
The Killer Klown pies you viciously! The klown pie hits you!
Lemon!
You feel unable to drink.
* * * LOW HITPOINT WARNING * * *
An Orb Guardian comes into view.
The electric golem is attracted toward you.
The Killer Klown is attracted toward you.
The Orb Guardian is attracted toward you.
You miss the orb of fire.
The orb of fire is severely damaged.
You closely miss the electric golem. You slash the yellow draconian!
You barely miss the Killer Klown. You block the electric golem's attack.
The electric golem misses you.
The electric golem completely misses you.
You block the electric golem's attack.
The Orb Guardian is attracted toward you.
The green draconian is attracted toward you.
A green draconian comes into view. It is wielding a +0 scimitar.
You open the orb of fire like a pillowcase!!!
The orb of fire is almost destroyed.
You slice the electric golem!!
You open the yellow draconian like a pillowcase!!!!
You kill the yellow draconian!
Okawaru accepts your kill.
You slice the Killer Klown like a ripe choko!!!
You kill the Killer Klown!
Okawaru accepts your kill.
You can now enter into single combat with a foe.
Okawaru will now gift you equipment as you gain piety.
The electric golem crackles and sizzles.
You block the electric golem's attack. x3
The electric golem hits you but does no damage.
The orb of fire glows yellow.
The bolt of fire hits you!! You resist.
* * * LOW HITPOINT WARNING * * *
The Killer Klown pies you viciously! The klown pie hits you!!!
Lemon!
You feel your inability to drink will last longer.
You die...

** *▓▓▓▓▓▓▓ ,**** ▓▓▓▓^......
,,,,*** ▓▓▓..^....... ,,,,,,**
▓▓.....^...... ,,,,,,,* ▓▓▓▓▓▓▓▓▓
▓.............
,,,,,,,**▓.......▓▓▓....^^.......
,,,,,,,**..(..^...▓▓.............
,,,,,,,*,§.§...*)○○▓§............
,,,,,,,,,§.d§Xp)@9.§.............
,,,,,,,*,......☼☼○○▓.^...........
,,,,,,,**...○.°.○.▓▓.........^...
,,,,,,,**▓..○○.☼.▓▓▓...^.........
,,,,,,,* ▓▓▓▓▓▓▓▓▓ #.............
,,,,,,** ##............ ,,,,***
##▓.......... ,**** ▓▓▓▓.......
▓▓▓▓▓# #▓▓▓▓▓▓▓▓▓▓▓


You could see an orb of fire, a Killer Klown, an electric golem, a green
draconian and an Orb Guardian.

Vanquished Creatures
  the Royal Jelly (Slime:5)
  A dread lich (Zot:5)
  5 orbs of fire
  2 ancient liches
  Mara (Depths:3)
  Mennas (Depths:3)
  Saint Roka (Depths:2)
  Sojobo (Depths:2)
  Bai Suzhen (Depths:2)
  5 Killer Klowns
  4 caustic shrikes
  Xtahua (Vaults:4)
  5 curse toes
  Vashnia (Snake:4)
  Nikola (Swamp:3)
  6 golden dragons
  the Enchantress (Depths:2)
  2 electric golems
  17 tentacled monstrosities
  Rupert (Lair:4)
  Jorgrun (Orc:1)
  A titan (Vaults:4)
  2 liches (Depths:3)
  5 quicksilver dragons
  8 death cobs
  A deep elf blademaster (Elf:2)
  22 Orb Guardians (Zot:5)
  Frances (D:12)
  Gastronok (D:10)
  19 acid blobs
  2 sphinxes
  Roxanne (Elf:2)
  7 shadow dragons
  11 storm dragons
  Donald (Swamp:1)
  4 tengu reavers
  7 draconian monks
  7 nagarajas
  7 draconian knights
  6 frost giants
  A deep elf sorcerer (Vaults:1)
  9 rockslimes
  7 fire giants
  Aizul (Snake:1)
  2 orc warlords (Vaults:1)
  10 azure jellies
  13 vault wardens
  10 draconian scorchers
  A balrug (Depths:1)
  3 angels (Depths:4)
  Louise (Swamp:2)
  2 ghost moths
  5 draconian shifters
  A deep elf elementalist (Elf:1)
  The ghost of Atlas the Eclecticist, a journeyman DsFE of Vehumet (Swamp:1)
  A reaper (IceCv)
  3 ghouls (Swamp:4)
  5 draconian annihilators
  20 ironbound preservers
  10 draconian stormcallers
  2 war gargoyles (Vaults:4)
  14 quicksilver oozes
  8 ironbound thunderhulks
  3 spriggan defenders (Depths:2)
  The ghost of Yvvazola the Unseen, a journeyman GrWn of Dithmenos (D:15)
  4 vampire knights
  7 stone giants
  24 very ugly things
  8 black draconians
  8 green draconians
  A bunyip (Swamp:3)
  A deep elf demonologist (Vaults:4)
  8 red draconians
  4 eleionomae
  17 purple draconians
  6 white draconians
  5 spark wasps
  9 dire elephants
  2 lorocyprocas (Depths:1)
  A deep elf annihilator (Elf:1)
  18 yellow draconians
  Snorg (D:11)
  3 jiangshi (Depths:2)
  4 ettins
  2 shambling mangroves (Swamp:1)
  A crystal guardian (Vaults:4)
  13 yaktaur captains
  An entropy weaver (Vaults:1)
  10 great orbs of eyes
  4 fire dragons
  An entropy weaver (shapeshifter) (D:9)
  A salamander tyrant (Snake:4)
  5 vault guards
  A rakshasa (Depths:1)
  A hydra (shapeshifter) (Elf:1)
  13 hydras
  5 ice dragons
  4 anacondas
  An ogre mage (D:15)
  3 spriggan air magi
  13 ironbound frosthearts
  3 ghost crabs
  A death knight (Vaults:2)
  2 peacekeepers (Vaults:4)
  The ghost of NinjaNoafa the Magician, a novice GnEE of Cheibriados (D:9)
  2 centaur warriors
  9 two-headed ogres
  3 catoblepae
  2 boulder beetles
  20 dancing weapons
  5 deep troll shamans
  12 alligators
  4 deep troll earth magi
  11 death yaks
  2 vampire magi
  22 naga warriors
  5 tengu warriors
  5 naga sharpshooters
  The ghost of gelatine the Firebug, a novice DsFE of Sif Muna (Orc:2)
  2 orc high priests (Elf:1)
  A spriggan berserker (Depths:3)
  14 deep elf knights
  8 shock serpents
  14 spriggans
  A salamander mystic (Snake:4)
  A soul eater (Depths:2)
  Sonja (Lair:3)
  A fire crab (Swamp:4)
  2 sun demons
  A titan skeleton (D:15)
  4 skeletal warriors
  2 goliath frogs
  3 iron trolls
  6 spriggan druids
  54 deep trolls
  A sixfirhy (Depths:2)
  2 spectral anacondas (Snake:2)
  5 glowing orange brains
  A death drake (shapeshifter) (Elf:2)
  9 swamp dragons
  5 bog bodies
  15 ironbound convokers
  10 naga ritualists
  8 deep elf archers
  7 wizards
  12 orc knights
  An anaconda skeleton (Snake:2)
  A sphinx zombie (D:15)
  18 deep elf pyromancers
  3 necromancers
  16 deep elf zephyrmancers
  17 mana vipers
  12 lindwurms
  A stone giant zombie (Depths:1)
  A shining eye (shapeshifter) (Depths:1)
  2 orc sorcerers
  46 ugly things
  An oklob plant (Zot:2)
  4 cyclopes
  A will-o-the-wisp (Swamp:4)
  8 manticores
  6 shining eyes
  12 salamanders
  A fire giant zombie (D:15)
  17 moths of wrath
  A rust devil (Depths:2)
  7 guardian serpents
  A fire giant skeleton (Depths:1)
  15 naga magi
  A stone giant skeleton (Depths:1)
  18 vault sentinels
  A black mamba (shapeshifter) (D:9)
  A guardian serpent (shapeshifter) (D:9)
  4 torpor snails
  An ice statue (IceCv)
  8 elephants
  47 black mambas
  A molten gargoyle (Depths:1)
  4 eyes of devastation
  Maggie (D:7)
  2 smoke demons
  8 komodo dragons
  10 cane toads
  13 rime drakes
  3 kobold demonologists
  A rime drake (shapeshifter) (D:9)
  35 yaktaurs
  A komodo dragon (shapeshifter) (D:13)
  A tormentor (Depths:2)
  2 unseen horrors
  5 anaconda simulacra
  3 efreet
  2 ice devils
  4 spectral nagas (Snake:2)
  3 tengu conjurers
  A merfolk (shapeshifter) (Vaults:1)
  A guardian mummy (D:15)
  3 meliai (D:15)
  A sea snake skeleton (Snake:2)
  5 polar bears
  12 tyrant leeches
  2 hellwings (Depths:2)
  A queen bee (D:11)
  2 spectral guardian serpents (Snake:2)
  6 trolls
  10 hornets
  A spriggan zombie (D:15)
  7 blink frogs
  128 slime creatures
  Sigmund (D:6)
  2 air elementals (Elf:1)
  2 shadows
  4 wyverns
  A ynoxinul (Depths:2)
  A spriggan (shapeshifter) (D:9)
  A guardian serpent skeleton (Snake:2)
  2 fire elementals (Elf:1)
  6 water elementals
  2 dire elephant simulacra (IceCv)
  Eustachio (D:5)
  3 basilisks
  26 yaks
  9 steam dragons
  7 wraiths
  4 death yak simulacra (IceCv)
  12 golden eyes
  5 fire bats
  A basilisk (shapeshifter) (D:9)
  3 chaos spawn (Depths:2)
  21 vampire mosquitoes
  A swamp worm (shapeshifter) (Depths:3)
  2 neqoxecs (D:9)
  5 wargs
  42 nagas
  14 swamp worms
  Duvessa (D:7)
  14 water moccasins
  3 acid dragons
  A floating eye (Depths:2)
  12 swamp drakes (Swamp:4)
  2 ice beasts
  39 orc warriors
  A sky beast (D:8)
  8 ogres
  8 boggarts
  A tengu (shapeshifter) (Depths:3)
  21 wolves
  13 centaurs
  A phantom (D:6)
  5 kobold brigands
  9 bullfrogs
  2 elf zombies (Ossuary)
  4 two-headed ogre simulacra (IceCv)
  2 gnoll sergeants
  A cane toad simulacrum (IceCv)
  2 earth elementals (Elf:1)
  3 necrophages
  9 wights (D:8)
  Dowan (D:7)
  24 killer bees (D:11)
  3 elephant simulacra (IceCv)
  An electric eel (Lair:5)
  A howler monkey (D:4)
  A centaur zombie (Ossuary)
  Crazy Yiuf (D:7)
  4 hounds
  27 jellies
  3 human zombies (Ossuary)
  12 orc priests
  4 iguanas
  Natasha (thrice) (D:4)
  16 orc wizards
  4 polar bear simulacra (IceCv)
  4 spriggan simulacra (IceCv)
  4 troll simulacra (IceCv)
  2 wolf simulacra (IceCv)
  2 mummies (Ossuary)
  7 adders
  12 gnolls
  15 naga simulacra
  17 white imps
  3 ufetubi (IceCv)
  An adder zombie (Ossuary)
  3 worms
  A dart slug (D:4)
  86 orcs
  10 ball pythons
  7 endoplasms
  A giant cockroach (D:2)
  8 goblins
  9 hobgoblins
  9 quokkas
  5 bats
  2 frilled lizards
  9 hobgoblin zombies (Ossuary)
  10 kobolds
  13 kobold zombies (Ossuary)
  6 orc zombies (Ossuary)
  7 rats
  A rat zombie (Ossuary)
2067 creatures vanquished.

Vanquished Creatures (others)
  A red draconian (Zot:2)
  A hydra (Swamp:4)
  A spriggan (Swamp:3)
  A spriggan druid (Swamp:3)
  2 deep elf pyromancers (Elf:1)
  A deep elf zephyrmancer (Elf:1)
  2 bloated husks
  A hornet (Swamp:3)
  A fire bat (Depths:1)
  A naga (Snake:1)
  A boggart (Vaults:3)
  2 orcs (Depths:2)
  2 foxfires (Swamp:4)
  14 fungi
  66 plants
  2 withered plants (D:15)
99 creatures vanquished.

Grand Total: 2166 creatures vanquished

Notes
Turn   | Place    | Note
-------+----------+-------------------------------------------
     0 | D:1      | hikkokomori the Formicid Fighter began the quest for the
                  | Orb.
     0 | D:1      | Reached XP level 1. HP: 18/18 MP: 1/1
   324 | D:1      | Reached XP level 2. HP: 24/24 MP: 2/2
  1403 | D:2      | Found Bates's Armour Emporium.
  1442 | D:2      | Reached XP level 3. HP: 30/30 MP: 3/3
  1597 | D:2      | Reached skill level 5 in Shields
  1715 | D:2      | Reached XP level 4. HP: 37/37 MP: 4/4
  1966 | D:2      | Found a faded altar of an unknown god.
  2436 | D:3      | Got Ovasung's Beginning Course on Sorcery
  2464 | D:3      | Reached XP level 5. HP: 43/43 MP: 5/5
  2742 | D:3      | Found a shimmering blue altar of Sif Muna.
  2972 | D:3      | Got Sif Muna's Information on Forms
  2976 | D:3      | Got Sif Muna's Catalogue of Trauma
  2979 | D:3      | Got Sif Muna's Teachings on Glamour
  3020 | D:4      | Noticed Natasha
  3032 | D:4      | Killed Natasha
  3033 | D:4      | Reached skill level 5 in Fighting
  3162 | D:4      | Noticed Natasha
  3173 | D:4      | Killed Natasha
  3259 | D:4      | Reached XP level 6. HP: 42/52 MP: 6/6
  3397 | D:4      | Found an opulent altar of Gozag.
  3477 | D:4      | Noticed Natasha
  3499 | D:4      | Killed Natasha
  3679 | D:4      | Found a white marble altar of Elyvilon.
  3901 | D:5      | Entered Level 5 of the Dungeon
  3901 | D:5      | Found a sand-covered staircase.
  3907 | Ossuary  | Entered an ossuary
  3979 | Ossuary  | Reached XP level 7. HP: 60/60 MP: 7/7
  4158 | Ossuary  | Reached skill level 1 in Stealth
  4167 | Ossuary  | Reached skill level 1 in Dodging
  4705 | D:5      | Found an iron altar of Okawaru.
  4754 | D:5      | Became a worshipper of Warmaster Okawaru
  4781 | D:5      | Found a radiant altar of Vehumet.
  4799 | D:5      | Reached XP level 8. HP: 63/67 MP: 8/8
  5078 | D:5      | Found a bloodstained altar of Trog.
  5085 | D:5      | Found a glowing golden altar of the Shining One.
  5230 | D:5      | Noticed Eustachio
  5249 | D:5      | Killed Eustachio
  5299 | D:5      | Found a hazy altar of Hepliaklqana.
  5391 | D:2      | Bought a +1 pair of boots of stealth for 165 gold pieces
  5564 | D:6      | Noticed Sigmund
  5573 | D:6      | Killed Sigmund
  5574 | D:6      | Reached skill level 5 in Armour
  5590 | D:6      | Identified the amulet "Reseutt" {Will+ Regen+ Str+3}
  5667 | D:6      | Found a glowing silver altar of Zin.
  5710 | D:6      | Found Dycwuod's Antique Armour Shoppe.
  5719 | D:6      | Bought an embroidered cloak for 172 gold pieces
  5820 | D:6      | Found Asuomua's Antique Weapon Boutique.
  5848 | D:6      | Reached * piety under Okawaru
  5867 | D:6      | Found a blossoming altar of Fedhas.
  6076 | D:7      | Noticed Duvessa
  6083 | D:7      | Noticed Dowan
  6101 | D:7      | Killed Duvessa
  6102 | D:7      | Reached skill level 5 in Stealth
  6102 | D:7      | Reached XP level 9. HP: 75/75 MP: 9/9
  6113 | D:7      | Killed Dowan
  6121 | D:7      | Found a staircase to the Ecumenical Temple.
  6143 | Temple   | Entered the Ecumenical Temple
  6332 | D:7      | Noticed Maggie
  6367 | D:7      | Killed Maggie
  6409 | D:7      | Noticed a komodo dragon
  6413 | D:7      | Noticed an unseen horror
  6418 | D:7      | Reached skill level 1 in Axes
  6438 | D:7      | Killed a komodo dragon
  6438 | D:7      | Reached ** piety under Okawaru
  6472 | D:7      | Found an ornate altar of the Wu Jian Council.
  6489 | D:7      | Reached XP level 10. HP: 70/82 MP: 13/13
  6595 | D:7      | Killed an unseen horror
  6636 | D:7      | Noticed a torpor snail
  6678 | D:7      | Found a snail-covered altar of Cheibriados.
  6678 | D:7      | Noticed a torpor snail
  6678 | D:7      | Noticed a torpor snail
  6689 | D:7      | Killed a torpor snail
  6690 | D:7      | Reached skill level 5 in Axes
  6690 | D:7      | Reached skill level 5 in Invocations
  6701 | D:7      | Killed a torpor snail
  6702 | D:7      | Reached skill level 5 in Evocations
  6742 | D:7      | Killed a torpor snail
  6742 | D:7      | Reached *** piety under Okawaru
  6888 | D:7      | Got the Papyrus of Conjured Calling
  6940 | D:7      | Found a runed translucent door.
  6941 | D:7      | Noticed Crazy Yiuf
  6954 | D:7      | Killed Crazy Yiuf
  7104 | D:7      | Noticed a manticore
  7150 | D:8      | Identified the +2 pair of gloves "Emoafozy" {rPois rN+++
                  | Will+}
  7167 | D:8      | Found Joreclah's Jewellery Shoppe.
  7274 | D:8      | Identified the +1 robe of the Inquisitive Moons {rF++
                  | Slay+2}
  7315 | D:8      | Found Yxypt's Weapon Shop.
  7333 | D:8      | Found Lurha's Magic Scroll Shoppe.
  7509 | D:8      | Found a shadowy altar of Dithmenos.
  7590 | D:8      | Found Erreid's Antique Armour Emporium.
  7999 | D:8      | Noticed a two-headed ogre
  8006 | D:8      | Killed a two-headed ogre
  8006 | D:8      | Reached **** piety under Okawaru
  8025 | D:8      | Found Donticel's Antique Armour Shoppe.
  8034 | D:8      | Reached XP level 11. HP: 87/87 MP: 16/16
  8197 | D:9      | Noticed a two-headed ogre
  8215 | D:9      | Killed a two-headed ogre
  8334 | D:9      | Noticed a two-headed ogre
  8344 | D:9      | Killed a two-headed ogre
  8360 | D:9      | Found a runed translucent gate.
  8360 | D:9      | Found a runed translucent gate.
  8362 | D:9      | Found a runed translucent gate.
  8362 | D:9      | Noticed a brown ugly thing
  8362 | D:9      | Noticed a green ugly thing
  8364 | D:9      | Noticed a green ugly thing
  8364 | D:9      | Noticed a red ugly thing
  8365 | D:9      | Noticed a glowing orange brain
  8366 | D:9      | Noticed a manticore
  8366 | D:9      | a manticore changed into a death drake
  8366 | D:9      | Noticed a death drake (glowing shapeshifter)
  8366 | D:9      | Noticed a green ugly thing
  8367 | D:9      | Noticed a cyan ugly thing
  8373 | D:9      | a death drake changed into a glowing shapeshifter
  8373 | D:9      | Noticed a glowing shapeshifter (glowing shapeshifter)
  8374 | D:9      | a glowing shapeshifter changed into a swamp dragon
  8374 | D:9      | Noticed a swamp dragon (glowing shapeshifter)
  8376 | D:9      | a swamp dragon changed into a glowing orange brain
  8376 | D:9      | Noticed a glowing orange brain (glowing shapeshifter)
  8676 | D:9      | Found Ixkos's Antique Weapon Shop.
  8740 | D:9      | Learned a level 3 spell: Frozen Ramparts
  9071 | D:10     | Entered Level 10 of the Dungeon
  9071 | D:10     | Noticed Gastronok
  9090 | D:10     | Killed Gastronok
  9090 | D:10     | Reached ***** piety under Okawaru
  9091 | D:10     | Reached skill level 1 in Spellcasting
  9091 | D:10     | Reached skill level 1 in Ice Magic
  9207 | D:10     | Found a staircase to the Orcish Mines.
  9210 | D:10     | Found a staircase to the Lair.
  9489 | D:10     | Found a sparkling altar of Nemelex Xobeh.
  9495 | D:10     | Found a broken altar of Ashenzari.
  9570 | D:10     | Found a burning altar of Makhleb.
  9707 | D:10     | Found the +0 staff of Battle
  9902 | D:10     | Learned a level 1 spell: Magic Dart
  9919 | Lair:1   | Entered Level 1 of the Lair of Beasts
  9940 | Lair:1   | Reached XP level 12. HP: 33/96 MP: 16/18
 10013 | Lair:1   | Reached skill level 1 in Conjurations
 10372 | Lair:1   | Reached skill level 10 in Fighting
 10373 | Lair:1   | Reached skill level 10 in Axes
 10517 | Lair:1   | Noticed a death yak
 10518 | Lair:1   | Noticed a death yak
 10519 | Lair:1   | Noticed a death yak
 10519 | Lair:1   | Noticed a death yak
 10519 | Lair:1   | Noticed a death yak
 10520 | Lair:1   | Noticed a death yak
 10547 | Lair:1   | Killed a death yak
 10548 | Lair:1   | Killed a death yak
 10548 | Lair:1   | Received a gift from Okawaru
 10554 | Lair:1   | Killed a death yak
 10558 | Lair:1   | Killed a death yak
 10567 | Lair:1   | Killed a death yak
 10574 | Lair:1   | Killed a death yak
 11078 | Lair:2   | Reached skill level 5 in Ice Magic
 11082 | Lair:2   | Reached skill level 5 in Spellcasting
 11090 | Lair:2   | Reached XP level 13. HP: 104/104 MP: 17/20
 11090 | Lair:2   | Identified the +6 plate armour of Catatonia {-Tele Will+++
                  | Dex+2 SInv} (Okawaru gifted it to you on level 2 of the
                  | Lair of Beasts)
 11090 | Lair:2   | Received a gift from Okawaru
 11144 | Lair:2   | Found a frozen archway.
 11182 | IceCv    | Entered an ice cave
 11319 | IceCv    | Learned a level 2 spell: Wereblood
 11420 | IceCv    | Reached skill level 1 in Transmutations
 11706 | IceCv    | Noticed a reaper
 11742 | IceCv    | Killed a reaper
 12414 | Lair:2   | Noticed a four-headed hydra
 12421 | Lair:2   | Killed a one-headed hydra
 13164 | Lair:3   | Identified the +0 chain mail of Fefekyfi {+Inv rC- Int+4}
                  | (Okawaru gifted it to you on level 3 of the Lair of Beasts)
 13164 | Lair:3   | Received a gift from Okawaru
 13197 | Lair:3   | Reached XP level 14. HP: 69/114 MP: 24/24
 13367 | Lair:3   | Found a shimmering altar of Xom.
 13533 | Lair:3   | Found a staircase to the Snake Pit.
 13619 | Lair:3   | Noticed Sonja
 13622 | Lair:3   | Killed Sonja
 13623 | Lair:3   | Reached skill level 5 in Transmutations
 13660 | Lair:3   | Found a staircase to the Swamp.
 14247 | Lair:4   | Noticed Rupert
 14268 | Lair:4   | Killed Rupert
 14985 | Lair:5   | Entered Level 5 of the Lair of Beasts
 15111 | Lair:5   | Found a staircase to the Slime Pits.
 15129 | Lair:5   | Found a viscous altar of Jiyva.
 15393 | Lair:5   | Received a gift from Okawaru
 15556 | Lair:5   | Identified the +2 robe of the Butterfly {rElec rN+ Str+2
                  | Int+3} (Okawaru gifted it to you on level 5 of the Lair of
                  | Beasts)
 15556 | Lair:5   | Received a gift from Okawaru
 16165 | Orc:1    | Entered Level 1 of the Orcish Mines
 16178 | Orc:1    | Reached XP level 15. HP: 116/122 MP: 21/27
 16354 | Orc:1    | Noticed Jorgrun
 16375 | Orc:1    | Killed Jorgrun
 16661 | Orc:2    | Entered Level 2 of the Orcish Mines
 16677 | Orc:2    | Found Onney's Book Boutique.
 16697 | Orc:2    | Found a staircase to the Elven Halls.
 17108 | Orc:2    | Found a runed translucent door.
 17335 | Orc:2    | Found Hetam's Assorted Antiques.
 17335 | Orc:2    | Found Mausoz's Armour Shop.
 17337 | Orc:2    | Found Meppyqus's Distillery.
 17339 | Orc:2    | Found Wekisk's Armour Emporium.
 17367 | Orc:2    | Noticed gelatine's ghost (novice DsFE)
 17383 | Orc:2    | Killed gelatine's ghost
 17569 | D:8      | Bought a pair of ancient boots for 342 gold pieces
 17569 | D:8      | Identified the +0 pair of boots "Sazun" {Drain +Blink rElec
                  | Regen+} (You bought it in a shop on level 8 of the Dungeon)
 17569 | D:8      | Bought a pitted chain mail for 342 gold pieces
 17569 | D:8      | Identified the +2 chain mail "Fegecoipp" {rN+ Regen+} (You
                  | bought it in a shop on level 8 of the Dungeon)
 17583 | D:8      | Bought an ichor-stained ring mail for 324 gold pieces
 17583 | D:8      | Identified the +0 ring mail of the Lizard {Str+2 Stlth+}
                  | (You bought it in a shop on level 8 of the Dungeon)
 18011 | D:11     | Reached skill level 10 in Armour
 18127 | D:11     | Noticed Snorg
 18140 | D:11     | Killed Snorg
 18681 | D:12     | Noticed Frances
 18701 | D:12     | Killed Frances
 19317 | D:13     | Found a gate to the Vaults.
 19317 | D:13     | Noticed an ironbound preserver
 19332 | D:13     | Killed an ironbound preserver
 19594 | D:13     | Reached XP level 16. HP: 130/132 MP: 29/29
 19774 | D:13     | Reached skill level 10 in Spellcasting
 19783 | D:13     | Identified the +2 scale mail "Pupux" {-Tele rN+++ Regen+
                  | Int+3}
 20029 | D:14     | Received a gift from Okawaru
 20109 | D:14     | Reached skill level 6 in Shields
 20137 | D:14     | Found Enuemuol's Weapon Boutique.
 20488 | D:14     | Found the +15 Maxwell's patent armour {-Cast -Tele rElec
                  | Will+ rCorr}
 20497 | D:14     | Found a portal to a secret trove of treasure.
 20924 | D:15     | Entered Level 15 of the Dungeon
 20943 | D:15     | Reached skill level 7 in Shields
 20945 | D:15     | Reached ****** piety under Okawaru
 20947 | D:15     | Received a gift from Okawaru
 20949 | D:15     | Found a staircase to the Depths.
 21030 | D:15     | Found a runed translucent door.
 21030 | D:15     | Found a shimmering altar of Xom.
 21030 | D:15     | Noticed Yvvazola's ghost (journeyman GrWn)
 21031 | D:15     | Identified the +6 broad axe of Reseeghucy {chaos, Dex+3}
 21355 | D:15     | Reached skill level 8 in Shields
 21487 | D:15     | Found a glowing golden altar of the Shining One.
 22103 | Swamp:1  | Entered Level 1 of the Swamp
 22153 | Snake:1  | Entered Level 1 of the Snake Pit
 22186 | Snake:1  | Received a gift from Okawaru
 22361 | Snake:1  | Reached skill level 9 in Shields
 22381 | Snake:1  | Received a gift from Okawaru
 22464 | Snake:1  | Reached skill level 15 in Fighting
 23188 | Snake:1  | Reached XP level 17. HP: 134/142 MP: 31/31
 23237 | Snake:1  | Noticed Aizul
 23252 | Snake:1  | Killed Aizul
 23253 | Snake:1  | Reached skill level 10 in Shields
 23920 | Snake:2  | Received a gift from Okawaru
 24103 | Snake:2  | Reached skill level 11 in Shields
 24134 | Snake:2  | Reached skill level 15 in Axes
 24570 | Snake:2  | Received a gift from Okawaru
 24923 | Snake:3  | Reached skill level 12 in Shields
 25062 | Snake:3  | Found an opulent altar of Gozag.
 25064 | Snake:3  | Received a gift from Okawaru
 25360 | Snake:4  | Entered Level 4 of the Snake Pit
 25433 | Snake:4  | Found a bloodstained altar of Trog.
 25515 | Snake:4  | Reached XP level 18. HP: 151/151 MP: 29/32
 25569 | Snake:4  | Reached skill level 13 in Shields
 26000 | Snake:4  | Reached skill level 10 in Invocations
 26284 | Snake:4  | Identified the +1 plate armour "Ifysm" {Int+4} (Okawaru
                  | gifted it to you on level 4 of the Snake Pit)
 26284 | Snake:4  | Received a gift from Okawaru
 26286 | Snake:4  | Noticed Vashnia
 26309 | Snake:4  | Killed Vashnia
 26393 | Snake:4  | Reached skill level 14 in Shields
 26511 | Snake:4  | Got a serpentine rune of Zot
 26545 | Snake:4  | Identified the +1 leather armour of the Furrier {Harm Int+3
                  | Dex-2}
 27143 | Swamp:1  | Found a transporter.
 27143 | Swamp:1  | Noticed Atlas's ghost (journeyman DsFE)
 27293 | Swamp:1  | Noticed Donald
 27300 | Swamp:1  | Killed Donald
 27519 | Swamp:1  | Found a transporter.
 27712 | Swamp:1  | Killed Atlas's ghost
 27763 | Swamp:2  | Noticed Louise
 27764 | Swamp:2  | Reached skill level 15 in Shields
 27849 | Swamp:2  | Reached XP level 19. HP: 157/157 MP: 33/33
 27999 | Swamp:2  | Received a gift from Okawaru
 28003 | Swamp:2  | Killed Louise
 28552 | Swamp:3  | Noticed Nikola
 28568 | Swamp:3  | Killed Nikola
 28928 | Swamp:4  | Entered Level 4 of the Swamp
 28928 | Swamp:4  | Noticed a tentacled monstrosity
 28934 | Swamp:4  | Killed a tentacled monstrosity
 29535 | Swamp:4  | Got a decaying rune of Zot
 29870 | D:8      | Bought a scroll of enchant weapon for 97 gold pieces
 29870 | D:8      | Bought a scroll of fog for 52 gold pieces
 30031 | D:14     | You paid a toll of 6 scrolls of fog to enter a treasure
                  | trove
 30032 | Trove    | Entered a treasure trove
 30073 | Trove    | Got Atiff's Spellbook of Fateful Alteration
 30100 | Trove    | Got Sif Muna's Precepts of the Ghoulish Quarry
 30127 | D:14     | Identified a scroll of acquirement
 30128 | D:14     | Acquired 760 gold pieces
 30622 | Elf:1    | Entered Level 1 of the Elven Halls
 30642 | Elf:1    | Upgraded the game from 0.30-a0-626-gd6a5dd7a1f to
                  | 0.30-a0-629-gd54f4be4f7
 30672 | Elf:1    | Identified the +6 broad axe of Fate {freeze, rPois rF+ rN+
                  | Dex+3} (Okawaru gifted it to you on level 1 of the Elven
                  | Halls)
 30672 | Elf:1    | Received a gift from Okawaru
 30673 | Elf:1    | Found Iguiniv's Armour Boutique.
 30867 | Elf:1    | Got Cocvuted's Book of Confrontation
 31046 | Elf:1    | Identified the +10 flail of Kismet {distort, rF++ rCorr
                  | Int-2 Dex+2}
 31366 | Elf:2    | Noticed Roxanne
 31388 | Elf:1    | Reached XP level 20. HP: 109/167 MP: 34/34
 31468 | Elf:2    | Killed Roxanne
 31519 | Elf:2    | Reached skill level 10 in Evocations
 31523 | Elf:2    | Received a gift from Okawaru
 31729 | Elf:2    | Found a huge runed translucent gate.
 31729 | Elf:2    | Found a huge runed translucent gate.
 31746 | Elf:2    | Found a huge runed translucent gate.
 31748 | Elf:2    | Found a huge runed translucent gate.
 31748 | Elf:2    | Found a huge runed translucent gate.
 32136 | Elf:2    | Reached skill level 16 in Shields
 32362 | Elf:2    | Identified the +2 pair of gloves of Stained Music {rCorr}
                  | (Okawaru gifted it to you on level 2 of the Elven Halls)
 32362 | Elf:2    | Received a gift from Okawaru
 32798 | D:9      | Bought the +3 Elemental Staff {rElec rF++ rC++ AC+5} for
                  | 2162 gold pieces
 32798 | D:9      | Found the +3 Elemental Staff {rElec rF++ rC++ AC+5}
 32858 | D:9      | Reached skill level 5 in Dodging
 32858 | D:9      | Found a runed translucent gate.
 32858 | D:9      | Found a runed translucent gate.
 32859 | D:9      | Noticed NinjaNoafa's ghost (novice GnEE)
 32861 | D:9      | Found a runed translucent gate.
 32873 | D:9      | Killed NinjaNoafa's ghost
 32890 | D:9      | Gained mutation: You are vulnerable to cold. (rC-)
                  | [mutagenic glow]
 33087 | D:15     | Killed Yvvazola's ghost
 33119 | D:15     | Lost mutation: You are vulnerable to cold. (rC-) [potion of
                  | mutation]
 33119 | D:15     | Gained mutation: Your spells are a little harder to cast,
                  | but a little more powerful. [potion of mutation]
 33119 | D:15     | Gained mutation: Your muscles are strong. (Str +4, Int/Dex
                  | -1) [potion of mutation]
 33119 | D:15     | Gained mutation: You have sharp fingernails. [potion of
                  | mutation]
 33242 | Vaults:1 | Entered Level 1 of the Vaults
 33351 | Vaults:1 | Found a transporter.
 33351 | Vaults:1 | Noticed sirJeffrey23's ghost (adept OgMo)
 33356 | Vaults:1 | Identified the +6 giant spiked club of the Countless Beds
                  | {vamp, *Corrode rF++ Int+4}
 33653 | Vaults:1 | Reached XP level 21. HP: 175/175 MP: 35/35
 33710 | Vaults:1 | Received a gift from Okawaru
 33836 | Vaults:1 | Found Xecrugh's Armour Emporium.
 34777 | Vaults:2 | Found a staircase to the Crypt.
 34810 | Vaults:2 | Found Ohelotuz's Magic Scroll Boutique.
 34814 | Vaults:2 | Bought a scroll of fear for 64 gold pieces
 34814 | Vaults:2 | Bought a scroll of enchant armour for 120 gold pieces
 35916 | Vaults:3 | Identified the +3 pair of boots of Valour {rF- Will+ Int+4
                  | Dex+4} (Okawaru gifted it to you on level 3 of the Vaults)
 35916 | Vaults:3 | Received a gift from Okawaru
 37223 | Vaults:3 | Reached XP level 22. HP: 159/173 MP: 37/37
 38363 | Vaults:3 | Found Teotun's General Store.
 38366 | Vaults:3 | Bought a scroll of acquirement for 728 gold pieces
 38366 | Vaults:3 | Acquired 641 gold pieces
 38455 | Vaults:4 | Identified the +8 hand axe of Demonkind {spect, Fly rPois
                  | rF+} (Okawaru gifted it to you on level 4 of the Vaults)
 38455 | Vaults:4 | Received a gift from Okawaru
 38672 | Vaults:4 | Noticed Xtahua
 38681 | Vaults:4 | Killed Xtahua
 38694 | Vaults:4 | Identified the +3 scale mail "Zawig" {Harm +Blink Dex-3
                  | SInv}
 38702 | Vaults:4 | Noticed an ancient lich
 38704 | Arena    | Entered the Arena
 38710 | Arena    | Killed an ancient lich
 38955 | Vaults:4 | Reached XP level 23. HP: 183/194 MP: 40/40
 39105 | Vaults:4 | Received a gift from Okawaru
 39266 | Vaults:4 | Identified the +9 long sword "Idutzaum" {freeze, rElec
                  | Int+4}
 39943 | D:2      | Bought a +1 tower shield of fire resistance for 165 gold
                  | pieces
 40211 | Depths:1 | Entered Level 1 of the Depths
 40789 | Depths:2 | Noticed Sojobo
 40850 | Depths:1 | Found a broken altar of Ashenzari.
 40895 | Depths:1 | Found Buxkec's Armour Shop.
 40960 | Depths:1 | Reached skill level 15 in Armour
 41146 | Depths:1 | Reached skill level 10 in Dodging
 41320 | Depths:1 | You fall into a shaft and drop 1 floor!
 41365 | Depths:2 | Noticed Bai Suzhen
 41371 | Depths:2 | Killed Bai Suzhen
 41371 | Depths:2 | Received a gift from Okawaru
 41421 | Depths:2 | Noticed the Enchantress
 41430 | Depths:2 | Killed the Enchantress
 41476 | Depths:2 | Reached skill level 17 in Shields
 41482 | Depths:2 | Noticed Saint Roka
 41486 | Depths:2 | Killed Sojobo
 41495 | Depths:2 | Killed Saint Roka
 41653 | Depths:2 | Found Zudoz's Book Boutique.
 41661 | Depths:2 | Found Zuppos's Jewellery Emporium.
 41662 | Depths:2 | Found Iggurgh's Book Boutique.
 41668 | Depths:2 | Bought a book of the Warp for 756 gold pieces
 41675 | Depths:2 | Learned a level 4 spell: Manifold Assault
 41802 | Depths:2 | Found a one-way gate leading to the halls of Pandemonium.
 41950 | Depths:2 | Found a gateway to Hell.
 42019 | Depths:2 | Identified the +0 robe of Xom's Esteem {rElec rF+ Dex-4}
 42086 | Depths:2 | Found a sparkling altar of Nemelex Xobeh.
 42364 | Depths:3 | Noticed Mara
 42375 | Depths:3 | Reached skill level 1 in Translocations
 42379 | Depths:3 | Noticed hikkokomori's illusion
 42380 | Depths:3 | Killed Mara
 42384 | Depths:3 | Noticed Mennas
 42386 | Depths:3 | Received a gift from Okawaru
 42409 | Depths:3 | Killed Mennas
 42410 | Depths:3 | Reached skill level 18 in Shields
 42410 | Depths:3 | Reached XP level 24. HP: 126/204 MP: 38/40
 42481 | Depths:3 | Found a shimmering altar of Xom.
 42484 | Depths:3 | Found a shimmering altar of Xom.
 42485 | Depths:3 | Found a shimmering altar of Xom.
 42487 | Depths:3 | Found a shimmering altar of Xom.
 42608 | Depths:3 | Found Luxzuo's Antique Weapon Shoppe.
 42904 | Depths:3 | Found a one-way gate to the infinite horrors of the Abyss.
 43036 | Depths:3 | Noticed an ancient lich
 43037 | Depths:3 | Noticed a caustic shrike
 43037 | Depths:3 | Found a runed translucent door.
 43039 | Depths:3 | Noticed a golden dragon
 43131 | Depths:3 | Killed an ancient lich
 43133 | Depths:3 | Killed a caustic shrike
 43141 | Depths:3 | Killed a golden dragon
 43150 | Depths:3 | Identified the +3 demon trident of Wetuc {antimagic, rC+}
 43152 | Depths:3 | Got Codom's Omnibus of Bloody Accelerants
 43199 | Depths:4 | Entered Level 4 of the Depths
 43203 | Depths:4 | Noticed a caustic shrike
 43203 | Depths:4 | Noticed a caustic shrike
 43203 | Depths:4 | Noticed a caustic shrike
 43206 | Depths:4 | Killed a caustic shrike
 43209 | Depths:4 | Killed a caustic shrike
 43211 | Depths:4 | Killed a caustic shrike
 43242 | Depths:4 | Reached skill level 19 in Shields
 43349 | Depths:4 | Received a gift from Okawaru
 43435 | Depths:4 | Found a gate to the Realm of Zot.
 43604 | Arena    | Entered the Arena
 43891 | Depths:4 | Found Dintim's Antique Armour Emporium.
 44139 | Depths:4 | Reached skill level 5 in Translocations
 44164 | Depths:4 | Found a one-way gateway to a ziggurat.
 44499 | Depths:1 | Reached skill level 20 in Shields
 44980 | Slime:1  | Entered Level 1 of the Pits of Slime
 45084 | Slime:2  | Gained mutation: Your skin changes colour to match your
                  | surroundings (Stealth+). [a shining eye]
 45093 | Slime:2  | Lost mutation: Your muscles are strong. (Str +4, Int/Dex
                  | -1) [a shining eye]
 45094 | Slime:2  | Lost mutation: Your spells are a little harder to cast, but
                  | a little more powerful. [a shining eye]
 45095 | Slime:2  | Gained mutation: You are dopey. (Int -2) [a shining eye]
 45097 | Slime:2  | Gained mutation: You are frail. (-10% HP) [a shining eye]
 45115 | Slime:2  | Reached XP level 25. HP: 170/190 MP: 40/40
 45982 | Slime:5  | Entered Level 5 of the Pits of Slime
 46122 | Slime:5  | Noticed the Royal Jelly
 46210 | Slime:5  | Killed the Royal Jelly
 46211 | Slime:5  | Reached skill level 21 in Shields
 46393 | Slime:5  | Identified the ring of Sloth {rF+ EV+5 SInv}
 46414 | Slime:5  | Identified the +1 cloak of Idealism {rF++ Int+3 Slay-5
                  | Stlth+}
 46439 | Slime:5  | Identified the ring of the Healing Fool {rC- Will+++ Str+6
                  | Int+4 Dex+3}
 46449 | Slime:5  | Identified the +7 short sword "Oprodd" {pain, rN+ rCorr
                  | Int+5}
 46450 | Slime:5  | Identified the +5 plate armour "Seko" {rPois}
 46489 | Slime:5  | Identified the +9 flail "Mece" {flame, rC+ rN+ MP+9 Int+2}
 46506 | Slime:5  | Identified the +7 dagger of the Destroying Seeker {freeze,
                  | rC+}
 46530 | Slime:5  | Identified the ring of Brilliance {Ice rCorr Stlth+}
 46548 | Slime:5  | Got a slimy rune of Zot
 47152 | Zot:1    | Entered Level 1 of the Realm of Zot
 47206 | Zot:1    | Noticed a curse toe
 47216 | Zot:1    | Killed a curse toe
 47245 | Zot:1    | You fall into a shaft and drop 1 floor!
 47251 | Zot:2    | You fall into a shaft and drop 1 floor!
 47344 | Zot:3    | Noticed a Killer Klown
 47353 | Zot:3    | Killed a Killer Klown
 47408 | Zot:3    | Noticed an orb of fire
 47414 | Zot:3    | Killed an orb of fire
 47433 | Zot:3    | Reached skill level 22 in Shields
 47533 | Zot:2    | Reached XP level 26. HP: 162/199 MP: 40/40
 47845 | Zot:2    | Identified the +1 robe of the Ego {rF+ rCorr Stlth-}
                  | (Okawaru gifted it to you on level 2 of the Realm of Zot)
 47845 | Zot:2    | Received a gift from Okawaru
 48621 | Zot:1    | You fall into a shaft and drop 1 floor!
 49920 | Zot:3    | Reached skill level 23 in Shields
 50584 | Zot:4    | Noticed a curse toe
 50604 | Zot:4    | Noticed a curse toe
 50616 | Zot:4    | Killed a curse toe
 50619 | Zot:4    | Killed a curse toe
 50762 | Zot:4    | Noticed a curse toe
 50777 | Zot:4    | Killed a curse toe
 51196 | Zot:4    | Reached XP level 27. HP: 207/207 MP: 40/40
 51416 | Zot:5    | Entered Level 5 of the Realm of Zot
 51791 | Zot:5    | Noticed a dread lich
 51799 | Zot:5    | Killed a dread lich
 51838 | Zot:5    | Gained mutation: Your magical capacity is low. (-10% MP)
                  | [mutagenic glow]
 51839 | Zot:5    | Noticed a Killer Klown
 51846 | Zot:5    | Noticed a Killer Klown
 51858 | Zot:5    | Killed a Killer Klown
 51861 | Zot:5    | Noticed an orb of fire
 51863 | Zot:5    | Killed a Killer Klown
 51865 | Zot:5    | Gained mutation: You do not regenerate when monsters are
                  | visible. [an orb of fire]
 51871 | Zot:5    | Killed an orb of fire
 51871 | Zot:5    | Noticed a Killer Klown
 51874 | Arena    | Entered the Arena
 51903 | Zot:5    | Noticed an orb of fire
 51904 | Zot:5    | Killed a Killer Klown
 51908 | Zot:5    | Noticed an orb of fire
 51914 | Zot:5    | Killed an orb of fire
 51919 | Zot:5    | Killed an orb of fire
 51923 | Zot:5    | Received a gift from Okawaru
 51924 | Arena    | Entered the Arena
 52121 | Zot:5    | Reached skill level 24 in Shields
 52140 | Zot:5    | Noticed a Killer Klown
 52143 | Zot:5    | Noticed an orb of fire
 52150 | Zot:5    | Noticed an orb of fire
 52153 | Zot:5    | Killed an orb of fire
 52154 | Zot:5    | Noticed a Killer Klown
 52157 | Zot:5    | Killed a Killer Klown
 52157 | Zot:5    | Killed from afar by a Killer Klown

Illustrated notes

Levels and vault maps discovered:
D:1:      amcnicky_arrival_flooded_fountain, layout_basic,
          chequers_serial_rivers_micro_e, minmay_misc_feat_five
D:2:      layout_basic, serial_shops, shop, serial_forest,
          infiniplex_forest_straight_5, infiniplex_forest_zigzag_2,
          infiniplex_forest_lined_room_2, infiniplex_forest_straight_4,
          infiniplex_forest_end_2, infiniplex_forest_corner_1,
          dreamdust_ecumenical_altar_angels_and_demons, kennysheep_path_1
D:3:      layout_loops_ring, nicolae_sif_muna_little_library, amethyst_killhole
D:4:      layout_loops_ring, grunt_gozag_statues, mainiacjoe_overflow_alcove_2,
          uniq_natasha
D:5:      layout_loops_ring, nicolae_overflow_crystal_walls,
          mainiacjoe_overflow_concentric_impassable,
          amethyst_overflow_temple_binary, worldfamousw_hep_ancestral_shrine,
          nicolae_ossuary_entry_monument, uniq_eustachio
D:6:      layout_loops_cross, mainiacjoe_overflow_cross_hatched,
          mainiacjoe_overflow_tiny_flanked, serial_shops,
          nicolae_lakefront_shop, nicolae_shop_stone, uniq_sigmund
D:7:      minmay_blocky_corners, layout_rooms, nicolae_wu_jian_wuxing_cycle,
          cheibriados_altar_2, minmay_temple_entry_ruins, uniq_maggie,
          uniq_duvessa, uniq_crazy_yiuf_cottage
D:8:      layout_layer_cave, lemuel_tele_altar, serial_shops,
          nicolae_shop_bloodbath_and_beyond, shop_fountains, shop,
          nicolae_diamond_shop, kennysheep_mini, minmay_misc_feat_chi,
          serial_bayou_pond_e
D:9:      layout_basic, serial_shops, kennysheep_little_box,
          ploomutoo_gammafunk_ghost_potion_laboratory, st_stairs_4
D:10:     layout_irregular_city, chequers_temple_overflow_statue_of_worship,
          lightli_temple_of_fire, lair_entry_dummy, orc_0_dummy,
          hellmonk_guarded_unrand_staff_of_battle, uniq_gastronok
D:11:     layout_loops_ring, special_room [special_room_bee], uniq_snorg
D:12:     layout_layer_cave, nicolae_wwwww, uniq_frances
D:13:     layout_loops_ring, skrybe_vaults_entry_preservation
D:14:     layout_loops_corners, serial_shops, shop,
          amcnicky_mini_rare_corridor_liquid, nicolae_trove_entry_crossroad
D:15:     gammafunk_depths_entry_grave, layout_gridville, ebering_ghost_xom,
          tso_altar
Temple:   hellmonk_temple_flake
Lair:1:   layout_roguey, st_stairs_7
Lair:2:   layout_layer_cave, portal_ice_cave_entry_imps
Lair:3:   layout_loops_ring, minmay_swamp_entry_reptiles,
          minmay_snake_entry_guardpost_large, basic_altar,
          bobbens_dragon_lair_wall, uniq_sonja
Lair:4:   layout_cave_pods, grunt_megastairs_2, uniq_rupert
Lair:5:   grunt_lair_end_beastmaster, layout_regular_city,
          nicolae_slime_entry_field_trip, serial_bayou_lagoon_a,
          lemuel_fruit_tree, grunt_megastairs_5
Swamp:1:  layout_falls_marsh, gammafunk_ghost_arena,
          evilmike_swamp_ruin_house_1, infiniplex_staircase_pool, uniq_donald
Swamp:2:  layout_falls_marsh, nicolae_swamp_bean_lake, uniq_louise
Swamp:3:  layout_falls_marsh, nicolae_swamp_feature_on_the_river_bank,
          uniq_nikola
Swamp:4:  swamp_fiery, layout_basic_swamp
Snake:1:  nicolae_snake_crotalidae_crossing, layout_grid_shapes, drop_trap,
          serial_bayou_shore_b, uniq_aizul
Snake:2:  layout_onion, nicolae_snake_the_dead_are_slithering
Snake:3:  layout_concentric_octagons, basic_altar
Snake:4:  johnstein_snake_rune_scales, layout_layer_cave, basic_altar
Slime:1:  layout_caves
Slime:2:  layout_caves, nicolae_slime_round_cave
Slime:3:  layout_caves, nicolae_slime_rock_hall_of_fame
Slime:4:  layout_caves
Slime:5
Orc:1:    layout_diamond_mine, uniq_jorgrun
Orc:2:    st_orc_rangers, layout_diamond_mine, gammafunk_ghost_grave,
          serial_shops, nicolae_shop_waterfront, basic_altar
Elf:1:    layout_loops_ring, serial_shops, nicolae_shop_crystal,
          minmay_elf_annihilation, corner_web_ring
Elf:2:    elven_hall_of_blades_hangedman_alternative
          [nicolae_blade_entry_pointy_end], layout_loops_ring,
          chequers_hall_statues_wall_a, uniq_roxanne
Vaults:1: gammafunk_ghost_smash, vaults_room_octagon,
          nicolae_vaults_ninety_degrees, hangedman_vaults_cutoff, v_misc_4,
          v_misc_24, vaults_dpeg_ring, vaults_room_hallway,
          vaults_room_grunt_arrival_ludios, grunt_vaults_diagonal,
          nicolae_vaults_gold_heap, dpeg_vaults_monster_box,
          layout_vaults_omnicross
Vaults:2: v_misc_24, vaults_dpeg_emergency_exit, minmay_crypt_entry_simple_box,
          nicolae_vaults_little_squares_1, hangedman_vaults_slither, v_misc_18,
          layout_vaults_chaotic_city, serial_shops, shop
Vaults:3: v_misc_4, grunt_vaults_funnel, vaults_mumra_minichess,
          nicolae_vaults_shelves_hall, ontoclasm_vaults_gallery, v_misc_29,
          vaults_room_door_ring, layout_vaults_omnigrid, serial_shops,
          nicolae_shop_behind_doors
Vaults:4: dpeg_vaults_pockets_of_resistance, vaults_mumra_lcd, v_misc_12,
          nicolae_vaults_asterisk, hangedman_vaults_corner_blocks,
          ontoclasm_vaults_twist, nicolae_vaults_rhombus_6, v_misc_5, v_misc_2,
          ontoclasm_vaults_pinch, layout_vaults_maze_snakey, uniq_xtahua
Depths:1: layout_gridlike, lightli_too_deep, evilmike_ruin_ashenzari,
          serial_shops, nicolae_square_shop, interstate_on_off,
          nrook_kobold_shadow_demons
Depths:2: dpeg_oklob_shooting_range, layout_basic, hell_entry,
          nemelex_diamond_rough_becter, grunt_pan_entry_sceptre,
          infiniplex_staircase_hallway_doors, serial_bayou_shore_a,
          minmay_shop_grove, uniq_sojobo, uniq_saint_roka, uniq_enchantress,
          uniq_bai_suzhen
Depths:3: minmay_gate_of_8, layout_cave_pools, abyss_entry_small_statue_room,
          rand_demon_pan_entry_1, grunt_hell_entry_dis_old, serial_shops,
          nicolae_stop_n_shop_1, xom_redecorated, uniq_mara, uniq_margery,
          uniq_mennas
Depths:4: evilmike_zot_entry_argh, layout_honeycomb, enter_ziggurat_d,
          serial_bayou_pond_d, hell_entry, serial_shops, shop,
          reono_crystal_passage
Zot:1:    layout_basic
Zot:2:    lemuel_acid_trip, layout_concentric_octagons
Zot:3:    layout_gridlike, zot_minivault_8, grunt_megastairs_4
Zot:4:    layout_gridlike, grunt_ministairs_13, nicolae_lava_and_water
Zot:5:    layout_basic

Skill      XL: |  1  2  3  4  5  6  7  8  9 10 11 12 13 14 15 16 17 18 19 20 21 22 23 24 25 26 27 |
---------------+----------------------------------------------------------------------------------+-----
Fighting       | 4 5 7 8 9 10 11 12 13 15 16 17 18 19 20 21 22 | 22.8
Shields        | 5 9 12 15 16 18 20 22 23 24 | 24.1
Stealth        | 2 5 6 8 |  8.7
Dodging        | 1 3 4 5 7 9 10 11 12 13 14 | 14.7
Armour         | 4 5 7 9 10 11 12 14 16 17 18 19 20 | 20.2
Invocations    | 4 6 8 9 12 13 | 13.4
Evocations     | 4 6 7 9 10 | 10.7
Axes           | 4 7 9 10 11 12 13 14 15 16 17 18 19 20 21 | 21.7
Spellcasting   | 2 5 7 8 9 10 11 13 | 13.3
Ice Magic      | 2 5 |  5.4
Conjurations   | 3 4 |  4.2
Transmutations | 4 7 8 9 |  9.5
Translocations | 2 5 7 8 |  8.3
Staves         | |  2.0

Action                   |  1- 3 |  4- 6 |  7- 9 | 10-12 | 13-15 | 16-18 | 19-21 | 22-24 | 25-27 || total
-------------------------+-------+-------+-------+-------+-------+-------+-------+-------+-------++-------
Melee: Quarterstaff      |    70 |   227 |   283 |       |       |       |       |       |       ||   580
       War axe           |       |       |    26 |   379 |   100 |    15 |    57 |       |       ||   577
       Broad axe         |       |       |       |    16 |   610 |       |    33 |       |       ||   659
       Battleaxe         |       |       |       |       |   252 |   875 |   757 |   100 |       ||  1984
       Executioner's axe |       |       |       |       |       |       |    11 |   660 |   684 ||  1355
 Cast: Magic Dart        |       |       |       |     9 |       |       |       |       |       ||     9
       Wereblood         |       |       |       |       |     7 |       |       |       |       ||     7
Invok: Heroism           |       |       |     3 |     8 |    21 |    19 |    31 |    18 |    23 ||   123
       Finesse           |       |       |       |     1 |     4 |     1 |     1 |     4 |     4 ||    15
       Duel              |       |       |       |       |       |       |       |     2 |     2 ||     4
 Abil: Dig               |       |     2 |     1 |     3 |     1 |       |     3 |     3 |     3 ||    16
       Shaft Self        |       |       |       |       |       |       |       |       |     2 ||     2
Evoke: Wand              |       |       |     2 |     7 |     7 |     6 |     6 |    11 |    11 ||    50
       Lightning rod     |       |       |       |       |       |       |     5 |     3 |     3 ||    11
       Condenser vane    |       |       |       |       |       |       |       |     2 |     1 ||     3
  Use: Scroll            |       |     5 |    13 |     6 |     5 |     1 |    10 |     2 |     4 ||    46
       Potion            |       |       |     1 |     2 |     2 |     5 |     4 |    12 |    32 ||    58
 Stab: Sleeping          |       |       |     4 |    10 |       |       |       |       |       ||    14
       Paralysed         |       |       |     3 |       |     5 |       |       |       |       ||     8
       Distracted        |       |       |       |     2 |       |       |     1 |       |       ||     3
       Invisible         |       |       |       |    10 |     2 |     6 |       |       |       ||    18
       Confused          |       |       |       |       |       |       |       |       |     1 ||     1
Armor: Scale mail        |    29 |    87 |   150 |    41 |       |       |       |       |       ||   307
       Steam dragon scal |       |       |       |    76 |     1 |       |       |       |       ||    77
       Plate armour      |       |       |       |       |   631 |   622 |   634 |   477 |   367 ||  2731
Dodge: Dodged            |    28 |    97 |   161 |   170 |   398 |   311 |   369 |   403 |   478 ||  2415
Block: Buckler           |    16 |    62 |    92 |   108 |   423 |    96 |       |       |       ||   797
       Kite shield       |       |       |       |       |       |   584 |   801 |   711 |   675 ||  2771
       Reflection        |       |       |       |       |       |     2 |    79 |    25 |    26 ||   132

Table legend: (Time is in decaauts)
 A = Elapsed time spent in this place.
 B = Non-inter-level travel time spent in this place.
 C = Inter-level travel time spent in this place.
 D = Time resting spent in this place.
 E = Time spent auto-exploring this place.
 F = Levels seen in this place.
 G = Mean time per level.
                   A        B        C        D        E       F      G
               +--------+--------+--------+--------+--------+-----+--------+
         Total |  52964 |  46119 |   6845 |   2466 |  30542 |  58 |  913.2 |
       Dungeon |  16428 |  13428 |   3000 |    214 |  10128 |  15 | 1095.2 |
        Temple |    152 |    152 |      0 |      0 |    136 |   1 |  152.0 |
          Lair |   6637 |   4989 |   1648 |    109 |   3716 |   5 | 1327.4 |
         Swamp |   3177 |   2829 |    348 |     78 |   1675 |   4 |  794.2 |
     Snake Pit |   4455 |   4068 |    387 |    102 |   2786 |   4 | 1113.8 |
    Slime Pits |   1883 |   1767 |    116 |    293 |    714 |   5 |  376.6 |
  Orcish Mines |   1611 |   1304 |    307 |     29 |    920 |   2 |  805.5 |
   Elven Halls |   1974 |   1851 |    123 |     42 |   1154 |   2 |  987.0 |
        Vaults |   5884 |   5504 |    380 |   1100 |   3119 |   4 | 1471.0 |
        Depths |   4198 |   3940 |    258 |    103 |   2778 |   4 | 1049.5 |
           Zot |   5017 |   4743 |    274 |    257 |   2965 |   5 | 1003.4 |
         Trove |     93 |     93 |      0 |      0 |      0 |   1 |   93.0 |
       Ossuary |    566 |    566 |      0 |      0 |    179 |   1 |  566.0 |
      Ice Cave |    799 |    799 |      0 |    139 |    270 |   1 |  799.0 |
         Arena |     83 |     83 |      0 |      0 |      0 |   4 |   20.8 |
               +--------+--------+--------+--------+--------+-----+--------+

Top non-repeatable levels by time:
Vaults:2: 2206 daAuts
  Lair:2: 1846 daAuts
 Snake:4: 1576 daAuts
    D:10: 1419 daAuts
  Lair:3: 1412 daAuts
    D:15: 1399 daAuts
Vaults:3: 1396 daAuts
     D:1: 1362 daAuts
     D:8: 1306 daAuts
Depths:4: 1283 daAuts
   Zot:3: 1274 daAuts
  Lair:1: 1257 daAuts
     D:9: 1245 daAuts
Vaults:1: 1199 daAuts
 Snake:1: 1198 daAuts
